 Dungeon Crawl Stone Soup version 0.31-a0-521-gc7390f8997 (webtiles) character file.

Game seed: 9907008089970382043

3737 Newt the Skirmisher (level 10, -3/57 HPs)
             Began as a Kobold Hunter on Aug 10, 2023.
             Was a Follower of Hepliaklqana.
             Slain by a red devil
             ... wielding a +0 trident
             ... summoned by an orc sorcerer
              (11 damage)
             ... in a bailey.
             The game lasted 00:06:56 (6972 turns).

Newt the Skirmisher (Kobold Hunter)                 Turns: 6972, Time: 00:06:56

Health: -3/57      AC:  3    Str:  9    XL:     10   Next: 37%
Magic:  17/17      EV: 23    Int: 10    God:    Hepliaklqana [*.....]
Gold:   274        SH:  0    Dex: 23    Spells: 17/19 levels left

rFire   . . .        n - +2 sling (heavy)
rCold   . . .        (no shield)
rNeg    . . .        c - +0 leather armour
rPois   .            (no helmet)
rElec   .            (no cloak)
rCorr   +            (no gloves)
SInv    .            (no boots)
Will    .....        (no amulet)
Stlth   +++          e - ring of resist corrosion
HPRegen 0.29/turn    l - +5 ring of evasion
MPRegen 0.15/turn

%: no passive effects
@: no status effects
A: reduced essence, small, no large weapons, nightstalker 3
a: Renounce Religion, Recall Ancestor, Ancestor Identity


You were in a bailey.
You worshipped Hepliaklqana.
Hepliaklqana was aware of your devotion.
You visited 2 branches of the dungeon, and saw 8 of its levels.
You also visited: Bailey.

You collected 433 gold pieces.
You spent 159 gold pieces at shops.

Inventory:

Hand Weapons
 a - a +0 shortbow
 n - a +2 heavy sling (weapon)
Armour
 c - a +0 leather armour (worn)
Jewellery
 e - a ring of resist corrosion (left hand)
 l - a +5 ring of evasion (right hand)
 s - a ring of flight
Wands
 m - a wand of iceblast (13)
 o - a wand of mindburst (4)
Scrolls
 b - a scroll of butterflies
 d - 2 scrolls of vulnerability
 f - 2 scrolls of identify
 g - 2 scrolls of enchant armour
 i - 4 scrolls of teleportation
 k - a scroll of summoning
 p - a scroll of poison
 q - 2 scrolls of fear
 r - a scroll of immolation
 t - a scroll of silence
 u - a scroll of acquirement
Potions
 h - a potion of degeneration


   Skills:
 - Level 8.0 Fighting
 + Level 10.9 Ranged Weapons
 - Level 6.0 Dodging
 - Level 1.3 Stealth
 - Level 5.0 Spellcasting
 - Level 5.0 Transmutations
 - Level 6.0 Evocations


You had 17 spell levels left.
You knew the following spells:

 Your Spells              Type           Power      Damage    Failure   Level
a - Wereblood             Tmut           12%        N/A       6%          2

Your spell library contained the following spells:

 Spells                   Type           Power      Damage    Failure   Level
 Sting                    Tmut/Pois      28%        1d4       12%         1
 Cigotuvi's Dreadful Rot  Necr/Pois/Air  4%         N/A       43%         2
 Poisonous Vapours        Pois/Air       4%         N/A       43%         2
 Sublimation of Blood     Necr           2%         N/A       43%         2
 Ignite Poison            Fire/Tmut/Pois 5%         N/A       45%         3
 Summon Guardian Golem    Hex/Summ       2%         N/A       67%         3
 Olgreb's Toxic Radiance  Pois           2%         N/A       97%         4
 Freezing Cloud           Conj/Ice/Air   1%         6-21      100%        5
 Summon Forest            Summ/Tloc      1%         N/A       100%        5
 Eringya's Noxious Bog    Tmut/Pois      3%         4d6       100%        6
 Orb of Destruction       Conj           1%         9d5       100%        7
 Spellforged Servitor     Conj/Summ      1%         N/A       100%        7
 Summon Hydra             Summ           1%         N/A       100%        7


Dungeon Overview and Level Annotations

Branches:
Dungeon (7/15)             Temple (1/1) D:4          Bailey (1/1)

Altars:
Ashenzari
Cheibriados
Dithmenos
Elyvilon
Fedhas
Gozag
Hepliaklqana
Makhleb
Nemelex Xobeh
Okawaru
Qazlal
Ru
Sif Muna
Uskayaw
Vehumet
Xom
Zin
The Shining One

Shops:
D:3 ?


Innate Abilities, Weirdness & Mutations

Your life essence is reduced to manifest your ancestor. (-10% HP)
You are small and have problems with some larger weapons.
You are completely attuned to the shadows.


Message History

Barbed spikes become lodged in your body.
The orc sorcerer completely misses you.
Unknown command.
Unknown command.
You shoot a sling bullet.
The sling bullet closely misses the orc sorcerer.
The sling bullet hits the red devil.
The red devil is lightly wounded.
You howl as the wereblood boils in your veins!
The red devil completely misses you. The orc sorcerer casts a spell at you.
The bolt of fire hits you!!
* * * LOW HITPOINT WARNING * * *
Unknown command.
Okay, then.
Blink to where?
Press: ? - help, Dir - move target, p - orc sorcerer
As you read the scroll of blinking, it crumbles to dust.
Your primal bloodlust has ended.
As you read the scroll of summoning, it crumbles to dust.
Wisps of shadow whirl around you...
Unknown command.
Okay, then.
Okay, then.
The orc sorcerer gestures at you while chanting.
Your orc priest suddenly stops moving!
Unknown command.
Fire: n) +2 sling (heavy)
Press: ? - help, Shift-Dir - straight line, f - orc sorcerer
Aim: an orc sorcerer, wielding a +0 battleaxe and wearing a +0 scale mail (moderately wounded, ally target, 69% to hit)
Okay, then.
Unknown command.
You carefully extract the barbed spikes from your body.
The orc sorcerer casts a spell at you.
The bolt of fire hits the red devil.
The red devil completely resists.
The bolt of fire hits your orc priest! The bolt of fire misses you.
Your gnoll barely misses the red devil.
Unknown command.
The red devil hits you from afar with a +0 trident!
You die...

≈≈≈≈≈≈≈≈≈
≈≈≈≈≈≈≈≈≈≈≈≈≈≈≈≈≈
≈≈≈≈≈≈≈≈≈≈≈≈≈≈≈≈≈
≈≈≈≈≈≈≈≈≈≈≈≈≈≈≈≈≈
~~~~~~~~~~~~~######
.............'..#.#
##############.g#g#
.......#....o'.o@g# ≈≈
.8.8.8)))...)#.go)#≈≈≈
...##############4#≈≈≈
...# +?!#oo≈≈≈ ...#
#!?#.~≈≈≈ #### .
#..#.~≈≈≈ ..# ..
#########4o≈≈≈ ..#
.4.#..8.8..#)~≈≈≈ ..#
.5oo....o.).∩~≈≈≈


You could see an orc sorcerer (ally target), a red devil (summoned, ally
target), an orc warrior, a friendly orc warrior (summoned), a friendly orc
priest (summoned, paralysed), 4 friendly gnolls and a friendly orc (summoned).

Vanquished Creatures
  An orc knight (Bailey)
  A kobold demonologist (Bailey)
  A water moccasin (D:7)
  An ice beast (D:6)
  8 orc warriors (Bailey)
  A sky beast (D:5)
  A bullfrog (D:7)
  A gnoll sergeant (D:5)
  A scorpion (D:5)
  4 electric eels (Bailey)
  A jelly (D:6)
  2 howler monkeys (D:6)
  A gnoll bouda (D:6)
  2 hounds (D:5)
  A sleepcap (D:6)
  3 iguanas
  4 orc wizards
  11 gnolls
  5 adders
  A worm (D:5)
  3 dart slugs
  19 orcs
  5 bats
  6 endoplasms
  7 giant cockroaches
  15 goblins
  9 hobgoblins
  7 jackals
  5 quokkas
  5 ball pythons
  2 frilled lizards
  9 kobolds
  6 rats
149 creatures vanquished.

Vanquished Creatures (collateral kills)
  A deep elf zephyrmancer (D:6)
  4 orc warriors (Bailey)
  A scorpion (D:6)
  A bullfrog (D:7)
  A gnoll (D:6)
  An adder (D:6)
  2 orcs (Bailey)
  2 goblins (Bailey)
13 creatures vanquished.

Vanquished Creatures (others)
  5 ancestors (Bailey)
5 creatures vanquished.

Grand Total: 167 creatures vanquished

Notes
Turn   | Place    | Note
-------+----------+-------------------------------------------
     0 | D:1      | Newt the Kobold Hunter began the quest for the Orb.
     0 | D:1      | Reached XP level 1. HP: 12/12 MP: 1/1
   191 | D:1      | Reached XP level 2. HP: 11/18 MP: 2/2
   662 | D:2      | Reached XP level 3. HP: 23/23 MP: 3/3
   954 | D:2      | Reached XP level 4. HP: 30/30 MP: 4/4
  1192 | D:3      | Learned a level 2 spell: Wereblood
  1528 | D:3      | Reached skill level 5 in Fighting
  1528 | D:3      | Reached XP level 5. HP: 35/35 MP: 5/5
  1532 | D:3      | Found Rousocat's Magic Scroll Boutique.
  1538 | D:3      | Bought a scroll of identify for 22 gold pieces
  1538 | D:3      | Bought a scroll of identify for 22 gold pieces
  1538 | D:3      | Bought a scroll of teleportation for 33 gold pieces
  1538 | D:3      | Bought a scroll of blinking for 82 gold pieces
  1839 | D:3      | Reached skill level 6 in Ranged Weapons
  2077 | D:4      | Found a sacrificial altar of Ru.
  2357 | D:4      | Found a stormy altar of Qazlal.
  2370 | D:4      | Found a radiant altar of Vehumet.
  2380 | D:4      | Found a burning altar of Makhleb.
  2546 | D:4      | Found an opulent altar of Gozag.
  2760 | D:4      | Reached skill level 7 in Ranged Weapons
  2784 | D:4      | Found a staircase to the Ecumenical Temple.
  2808 | D:4      | Reached XP level 6. HP: 40/40 MP: 6/6
  2992 | D:5      | Entered Level 5 of the Dungeon
  3017 | Temple   | Entered the Ecumenical Temple
  3062 | Temple   | Became a worshipper of Hepliaklqana the Forgotten
  3144 | D:5      | Found a hide-covered altar of Uskayaw.
  3156 | D:5      | Reached skill level 8 in Ranged Weapons
  3275 | D:5      | Noticed a sky beast
  3292 | D:5      | Killed a sky beast
  3293 | D:5      | Reached XP level 7. HP: 29/44 MP: 7/7
  3375 | D:5      | Reached skill level 9 in Ranged Weapons
  4173 | D:5      | Found a sparkling altar of Nemelex Xobeh.
  4207 | D:5      | Reached skill level 10 in Ranged Weapons
  4525 | D:6      | Reached skill level 1 in Spellcasting
  4525 | D:6      | Reached skill level 1 in Transmutations
  4584 | D:5      | Reached XP level 8. HP: 18/49 MP: 10/10
  5001 | D:6      | Reached * piety under Hepliaklqana
  5387 | D:6      | Noticed a deep elf zephyrmancer
  5393 | D:6      | Killed a deep elf zephyrmancer
  5394 | D:6      | Reached XP level 9. HP: 25/48 MP: 10/16
  5469 | D:6      | Reached skill level 5 in Spellcasting
  5469 | D:6      | Reached skill level 5 in Transmutations
  5876 | D:7      | Reached skill level 5 in Dodging
  5877 | D:7      | Found a flagged portal.
  5993 | Bailey   | Entered a bailey
  6032 | Bailey   | Reached skill level 1 in Evocations
  6561 | Bailey   | Noticed a kobold demonologist
  6566 | Bailey   | Noticed a red devil
  6571 | Bailey   | Killed a kobold demonologist
  6763 | Bailey   | Reached XP level 10. HP: 54/54 MP: 17/17
  6801 | Bailey   | Noticed an orc knight
  6812 | Bailey   | Killed an orc knight
  6943 | Bailey   | Found an iron altar of Okawaru.
  6943 | Bailey   | Noticed an orc sorcerer
  6946 | Bailey   | Noticed an ice devil
  6972 | Bailey   | Slain by a red devil

Illustrated notes

Levels and vault maps discovered:
D:1:      roderic_crop_circles_arrival_small, layout_rooms
D:2:      layout_loops_cross
D:3:      layout_loops_cross, serial_shops, nicolae_lakefront_shop,
          grunt_decor_one_mirror, minmay_randomly_rotated_circles
D:4:      layout_loops_cross, nicolae_ru_great_annihilating_truth,
          minmay_overflow_temple_star_quad,
          nicolae_gozag_cash_rules_everything_around_me,
          minmay_temple_entry_fiery, kennysheep_generic_room_15
D:5:      layout_basic, nicolae_uskayaw_dance_hall,
          nemelex_diamond_rough_becter, lightli_minifort
D:6:      layout_basic, guppyfry_early_elven_hall
D:7:      layout_rooms, overflow_temple_1_default, kennysheep_mini_moat,
          enter_bailey_5, kennysheep_cross_room, uniq_pikel
Temple:   minmay_temple_curvy_loop
Bailey:   bailey_axe_of_yendor_kennysheep, bailey

Skill      XL: |  1  2  3  4  5  6  7  8  9 10 |
---------------+-------------------------------+-----
Fighting       | 3 4 5 6 8 |  8.0
Ranged Weapons | 7 8 10 | 10.9
Spellcasting   | 1 4 5 |  5.0
Transmutations | 1 4 5 |  5.0
Dodging        | 6 |  6.0
Evocations     | 6 |  6.0
Stealth        | |  1.3

Action                     |  1- 3 |  4- 6 |  7- 9 | 10-12 || total
---------------------------+-------+-------+-------+-------++-------
   Fire: Shortbow          |    87 |    57 |       |       ||   144
         Sling             |       |   100 |   193 |    23 ||   316
   Cast: Wereblood         |       |       |     5 |     2 ||     7
  Evoke: Wand              |       |       |     4 |     5 ||     9
    Use: Scroll            |     2 |     7 |     5 |     2 ||    16
         Potion            |       |     1 |     1 |       ||     2
 Armour: Leather armour    |    15 |    15 |     7 |       ||    37
  Dodge: Dodged            |    32 |    88 |   114 |    20 ||   254

Table legend: (Time is in decaauts)
 A = Elapsed time spent in this place.
 B = Non-inter-level travel time spent in this place.
 C = Inter-level travel time spent in this place.
 D = Time resting spent in this place.
 E = Time spent auto-exploring this place.
 F = Levels seen in this place.
 G = Mean time per level.
                   A        B        C        D        E       F      G
               +--------+--------+--------+--------+--------+-----+--------+
         Total |   7049 |   6691 |    358 |   1291 |   4529 |   9 |  783.2 |
       Dungeon |   5947 |   5679 |    268 |    742 |   4241 |   7 |  849.6 |
        Temple |     90 |      1 |     89 |      0 |      0 |   1 |   90.0 |
        Bailey |   1011 |   1011 |      0 |    549 |    288 |   1 | 1011.0 |
               +--------+--------+--------+--------+--------+-----+--------+

Top non-repeatable levels by time:
     D:5: 1724 daAuts
     D:4: 1050 daAuts
  Bailey: 1011 daAuts
     D:6: 987 daAuts
     D:3: 817 daAuts
     D:2: 691 daAuts
     D:1: 510 daAuts
     D:7: 164 daAuts
  Temple: 90 daAuts
